 Dungeon Crawl Stone Soup version 0.25.0-9-g26727b657a (webtiles) character file.

Game seed: 7930683711122933832

630 HiStorm4nn the Chiller (level 7, -15/66 HPs)
             Began as a Naga Ice Elementalist on June 20, 2020.
             Demolished by an ogre
             ... wielding a +0 giant club
              (22 damage)
             ... on level 5 of the Dungeon.
             The game lasted 00:18:57 (4900 turns).

HiStorm4nn the Chiller (Naga Ice Elementalist)      Turns: 4900, Time: 00:18:57

Health: -15/66     AC:  3    Str: 11    XL:     7   Next: 48%
Magic:  6/12       EV:  9    Int: 17    God:
Gold:   170        SH:  0    Dex: 11    Spells: 6/13 levels left

rFire    . . .     SeeInvis +   k - +4 great sword (freeze)
rCold    . . .     Gourm    .   (shield currently unavailable)
rNeg     . . .     Faith    .   a - +0 robe
rPois    +         Spirit   .   (no helmet)
rElec    .         Reflect  .   (no cloak)
rCorr    .         Harm     .   (no gloves)
MR       .....                  (no barding)
Stlth    ++........             (no amulet)
HPRegen  0.21/turn              (no ring)
MPRegen  0.13/turn              (no ring)

@: frozen ramparts, very slightly contaminated, drained, very slow
A: large, see invisible, deformed body, poison resistance, slowness 2, slow
metabolism 1, spit poison 1, AC +2
a: Spit Poison


You were on level 5 of the Dungeon.
You were not hungry.

You visited 1 branch of the dungeon, and saw 7 of its levels.

You collected 170 gold pieces.

Inventory:

Hand Weapons
 e - a +3 mace of venom
 f - a +0 hunting sling
 k - a +4 great sword of freezing (weapon)
Missiles
 b - 125 stones (quivered)
 p - 29 bolts
Armour
 a - a +0 robe (worn)
Wands
 m - a wand of enslavement (7)
 n - a wand of iceblast (7)
Scrolls
 g - 2 scrolls of enchant weapon
 h - 4 scrolls of remove curse
 l - a scroll of teleportation
Potions
 i - a potion of stabbing
 j - a potion of cancellation {unknown}
 o - a potion of brilliance {unknown}
 q - a potion of might {unknown}
 r - a potion of magic {unknown}
 s - a potion of haste {unknown}
 u - a potion of mutation {unknown}
 v - a potion of invisibility {unknown}
Comestibles
 c - 6 rations


   Skills:
 + Level 4.4(3.4) Fighting
 - Level 1.5(0.7) Dodging
 - Level 3.0(2.1) Stealth
 + Level 3.5(2.6) Spellcasting
 * Level 6.7(5.7) Ice Magic


You had 6 spell levels left.
You knew the following spells:

 Your Spells              Type           Power        Failure   Level  Hunger
a - Freeze                Ice            ###.         1%          1    #......
b - Frozen Ramparts       Ice            ###...       4%          3    ###....
c - Ozocubu's Armour      Chrm/Ice       ##......     17%         3    ###....

Your spell library contained the following spells:

 Spells                   Type           Power        Failure   Level  Hunger
 Summon Small Mammal      Summ           #...         19%         1    #......
 Call Imp                 Summ           #.......     28%         2    ##.....
 Call Canine Familiar     Summ           #.......     50%         3    ###....
 Confusing Touch          Hex            #.......     50%         3    ###....
 Gell's Gravitas          Tloc           #.........   50%         3    ###....
 Summon Guardian Golem    Hex/Summ       #.......     50%         3    ###....
 Hailstorm                Conj/Ice       ##......     50%         4    #####..
 Summon Ice Beast         Ice/Summ       ##......     50%         4    #####..
 Metabolic Englaciation   Hex/Ice        ##........   83%         5    ######.
 Petrify                  Tmut/Erth      #.......     88%         4    #####..
 Summon Lightning Spire   Summ/Air       #.......     88%         4    #####..
 Yara's Violent Unravell  Hex/Tmut       #.........   99%         5    ######.


Dungeon Overview and Level Annotations

Branches:
Dungeon (7/15)
 Temple: D:4-7

Altars:
Elyvilon
Okawaru
Zin
The Shining One

Annotations:
D:5 Edmund
D:6 Blork the orc


Innate Abilities, Weirdness & Mutations

You cannot wear boots.
Your serpentine skin is tough. (AC +2)
You have supernaturally acute eyesight. (SInv)
Armour fits poorly on your strangely shaped body.
Your system is resistant to poisons. (rPois)
You cover ground very slowly.
You have a slow metabolism.
You can spit poison.


Message History

The ogre hits you with a +0 giant club!
Your +4 great sword of freezing glows with a cold blue light!
k - a +4 great sword of freezing (weapon)
You barely miss Edmund.
The wall freezes Edmund.
Edmund barely misses you.
The wall freezes the ogre.
The ogre hits you with a +0 giant club!
The wall freezes Edmund.
Edmund hits you with a +2 flail of holy wrath!
* * * LOW HITPOINT WARNING * * *
Okay, then.
Okay, then.
The wall freezes the ogre.
The ogre barely misses you. The leopard gecko bites you.
* * * LOW HITPOINT WARNING * * *
The wall freezes Edmund.
The leopard gecko bites you.
* * * LOW HITPOINT WARNING * * *
The wall freezes the ogre.
The leopard gecko bites you.
* * * LOW HITPOINT WARNING * * *
The wall freezes Edmund.
The wall freezes the ogre.
The ogre hits you with a +0 giant club!!
You die...

######
#......##
........##
.........#
.........#
........@#
.......lO#
........@#
........##
.".......#
........>#
.........#
.........#
.........#


You could see Edmund, an ogre and a leopard gecko.

Vanquished Creatures
  A sky beast (D:6)
  A phantom (D:4)
  A bullfrog (D:4)
  3 wights (D:7)
  2 hounds
  10 adders
  2 worms (D:4)
  2 dart slugs
  6 leopard geckos
  6 orcs (D:4)
  2 giant cockroaches (D:2)
  11 goblins
  10 hobgoblins
  11 jackals
  8 kobolds
  A quokka (D:4)
  3 ball pythons
  10 bats
  4 frilled lizards
  A jackal skeleton (D:4)
  11 rats
106 creatures vanquished.

Notes
Turn   | Place    | Note
-------+----------+-------------------------------------------
     0 | D:1      | HiStorm4nn the Naga Ice Elementalist began the quest for
                  | the Orb.
     0 | D:1      | Reached XP level 1. HP: 15/15 MP: 3/3
   252 | D:1      | Reached skill level 1 in Fighting
   257 | D:1      | Reached XP level 2. HP: 25/25 MP: 5/5
   519 | D:1      | Reached XP level 3. HP: 27/32 MP: 4/6
  1061 | D:1      | Learned a level 3 spell: Frozen Ramparts
  1318 | D:2      | Reached XP level 4. HP: 37/40 MP: 4/7
  1733 | D:2      | Found a white marble altar of Elyvilon.
  1733 | D:2      | Found a glowing golden altar of the Shining One.
  1734 | D:2      | Found a glowing silver altar of Zin.
  2294 | D:3      | Reached XP level 5. HP: 49/49 MP: 8/8
  2506 | D:3      | Reached skill level 5 in Ice Magic
  2648 | D:3      | Found a glowing drain.
  2987 | D:4      | Learned a level 3 spell: Ozocubu's Armour
  3110 | D:4      | Reached XP level 6. HP: 44/57 MP: 2/9
  3195 | D:4      | Noticed a phantom
  3243 | D:4      | Killed a phantom
  3678 | D:4      | Reached skill level 6 in Ice Magic
  3974 | D:4      | You fall into a shaft and drop 3 floors!
  4228 | D:7      | Reached XP level 7. HP: 9/64 MP: 7/11
  4881 | D:6      | Found an iron altar of Okawaru.
  4884 | D:6      | Noticed Blork the orc
  4891 | D:5      | Entered Level 5 of the Dungeon
  4891 | D:5      | Noticed Edmund
  4900 | D:5      | Demolished by an ogre

Illustrated notes

Levels and vault maps discovered:
D:1:      dpeg_arrival_water_temple_mockup, layout_loops_ring,
          chequers_hall_statues_y
D:2:      layout_basic, good_gods_temple_1, minmay_misc_feat_enclosed
D:3:      layout_loops_cross, first_ration, portal_sewer_entry_a
D:4:      layout_cave_pools, gammafunk_temple_overflow_statue,
          minmay_door_square, minmay_misc_feat_ornament, minmay_fire_ice_demons
D:5:      layout_rooms, nicolae_overflow_crystal_walls, uniq_edmund
D:6:      minmay_opposing_rooms, layout_rooms, lemuel_crystal_altar,
          marbit_many_paths, minmay_temple_entry_statues, basic_altar,
          uniq_blork_the_orc
D:7:      layout_basic, fedhas_altar_2

Skill      XL: |  1  2  3  4  5  6 |
---------------+-------------------+-----
Fighting       | 1 2 3 4 |  4.4
Ice Magic      | 5 6 |  6.7
Spellcasting   | 3 |  3.5
Dodging        | |  1.5
Stealth        | |  3.0

Action                   |  1- 3 |  4- 6 |  7- 9 || total
-------------------------+-------+-------+-------++-------
Melee: Mace              |     5 |    36 |     4 ||    45
       Great sword       |       |       |     3 ||     3
 Fire: Hunting sling     |    68 |   130 |     7 ||   205
Throw: Stone             |     6 |       |       ||     6
 Cast: Freeze            |    21 |    35 |     3 ||    59
       Frozen Ramparts   |       |    12 |     2 ||    14
       Ozocubu's Armour  |       |     2 |       ||     2
  Use: Scroll            |       |     8 |     1 ||     9
       Potion            |       |     3 |       ||     3
  Eat: Chunk             |     1 |     5 |       ||     6
       Ration            |       |     1 |     1 ||     2
Armor: Robe              |     3 |    17 |     3 ||    23
Dodge: Dodged            |    11 |    45 |     5 ||    61
